 Dungeon Crawl Stone Soup version 0.27.1-33-g824d729ab1 (webtiles) character file.

Game seed: 10117968271237445614

23 austinbyrn the Shield-Bearer (level 3, -1/23 HPs)
             Began as a Gargoyle Fighter on Dec 22, 2021.
             Frozen to death by an endoplasm (5 damage)
             ... on level 1 of the Dungeon.
             The game lasted 00:00:54 (991 turns).

austinbyrn the Shield-Bearer (Gargoyle Fighter)      Turns: 991, Time: 00:00:55

Health: -1/23      AC: 10    Str: 20    XL:     3   Next: 0%
Magic:  3/3        EV:  7    Int:  8    God:
Gold:   38         SH:  9    Dex:  9    Spells: 2/2 levels left

rFire    . . .     SeeInvis .   a - +0 flail
rCold    . . .     Faith    .   c - +0 kite shield
rNeg     + . .     Spirit   .   b - +0 scale mail
rPois    ∞         Reflect  .   (no helmet)
rElec    +         Harm     .   (no cloak)
rCorr    .         Rampage  .   (no gloves)
Will     .....                  (no boots)
Stlth    ..........             (no amulet)
HPRegen  0.07/turn              (no ring)
MPRegen  0.08/turn              (no ring)

@: no status effects
A: sickness immunity, AC +3, negative energy resistance 1, electricity
resistance, torment resistance 1, petrification resistance
a: no special abilities


You were on level 1 of the Dungeon.
You visited 1 branch of the dungeon, and saw 2 of its levels.

You collected 38 gold pieces.

Inventory:

Hand Weapons
 a - a +0 flail (weapon)
Armour
 b - a +0 scale mail (worn)
 c - a +0 kite shield (worn)
Jewellery
 g - an amulet of regeneration
Scrolls
 f - a scroll of blinking {unknown}
 i - 2 scrolls of enchant armour {unknown}
 j - a scroll of summoning {unknown}
Potions
 d - a potion of might
 e - 3 potions of heal wounds {unknown}
 h - a potion of lignification {unknown}


   Skills:
 + Level 3.6 Fighting
 * Level 2.8 Maces & Flails
 - Level 3.2 Armour
 + Level 3.6 Shields


You had 2 spell levels left.
You didn't know any spells.
Your spell library was empty.

Dungeon Overview and Level Annotations

Branches:
Dungeon (2/15)

Altars:


Innate Abilities, Weirdness & Mutations

You are immune to sickness and miasma.
Your stone body is resilient. (AC +3)
You are immune to poison.
You resist negative energy. (rN+)
You are resistant to electric shocks. (rElec)
You are resistant to unholy torment.
You are immune to petrification.


Message History

There is a stone staircase leading down here.
You climb downwards.
There is a stone staircase leading up here.
You climb upwards.
There is a stone staircase leading down here.
You see here a +0 falchion.
There is a stone staircase leading down here.
You climb downwards.
The endoplasm quivers.
Found a scroll labelled UTUAPRUYROR.
Found a stone staircase leading down.
There is a stone staircase leading up here.
The worm bites you.
You hit the worm.
The worm is lightly wounded.
Your shield prevents you from hitting the worm.
The worm is lightly wounded.
The worm bites you. The endoplasm freezes you.
You are frozen.
You hit the worm but do no damage. The endoplasm freezes you.
You are frozen.
You block the worm's attack.
You sock the worm!
The worm is severely wounded.
The endoplasm freezes you.
You are frozen.
The worm barely misses you. The endoplasm freezes you.
You are frozen.
* * * LOW HITPOINT WARNING * * *
The endoplasm hits you but does no damage.
There is a stone staircase leading up here.
The endoplasm closely misses you. The worm bites you but does no damage.
You climb upwards.
There is a stone staircase leading down here.
You barely miss the worm.
The worm is heavily wounded.
The endoplasm hits you but does no damage.
The endoplasm freezes you.
You are frozen.
You die...

#......#.############
#.####.#.# # #.# #.#.#
# #.# #.#.# # #.#
#.#.# # #.####.#.# #
#.#....#(# #
#############.#w####.#
#
................@..#.#
#
#######.#####.#..J...#
# ####.#
#.#)##.##############
#....#
#.#.##.#.............
#....#
#.#.##.##.###########
#....# #.#.##.##.#
#....# #.#.##.##.#
#....# #.#.##.##.#
####.# #.#.##.##.#


You could see a worm and an endoplasm.

Vanquished Creatures
  A gnoll (D:1)
  A ball python (D:1)
  2 endoplasms (D:1)
  2 goblins (D:1)
  A hobgoblin (D:1)
  A quokka (D:1)
  3 bats (D:1)
  2 rats (D:1)
13 creatures vanquished.

Notes
Turn   | Place    | Note
-------+----------+-------------------------------------------
     0 | D:1      | austinbyrn the Gargoyle Fighter began the quest for the
                  | Orb.
     0 | D:1      | Reached XP level 1. HP: 14/14 MP: 1/1
   316 | D:1      | Reached XP level 2. HP: 19/19 MP: 2/2
   669 | D:1      | Reached XP level 3. HP: 23/23 MP: 3/3
   991 | D:1      | Frozen to death by an endoplasm

Illustrated notes

Levels and vault maps discovered:
D:1:      heliophobic_arrival_battle_scene, layout_basic, serial_glass,
          glass_columns_b, glass_columns_b, wad_floor_pattern_untrapped
D:2:      layout_basic, shapermc_ecumenical_altar_totnotflames

Action                   || total
-------------------------++-------
Melee: Flail             ||    45
Armor: Scale mail        ||    19
Dodge: Dodged            ||    15
Block: Kite shield       ||    30
